 Dungeon Crawl Stone Soup version 0.26-a0-478-g6c97825307 (webtiles) character file.

Game seed: 10321728632959147016

65 Infinimo the Insei (level 3, -5/27 HPs)
             Began as a Demonspawn Transmuter on Aug 1, 2020.
             Splashed by a jelly's acid (8 damage)
             ... on level 3 of the Dungeon.
             The game lasted 00:02:48 (3328 turns).

Infinimo the Insei (Demonspawn Transmuter)          Turns: 3328, Time: 00:02:49

Health: -5/27      AC:  1    Str: 10    XL:     3   Next: 92%
Magic:  3/6        EV: 12    Int: 15    God:
Gold:   84         SH:  0    Dex: 13    Spells: 3/6 levels left

rFire    . . .     SeeInvis .     - Unarmed
rCold    . . .     Faith    .   (no shield)
rNeg     . . .     Spirit   .   a - +0 robe
rPois    .         Reflect  .   (helmet currently unavailable)
rElec    .         Harm     .   (no cloak)
rCorr    .                      s - +0 pair of gloves
MR       .....                  (boots currently unavailable)
Stlth    +.........             (no amulet)
HPRegen  0.09/turn              (no ring)
MPRegen  0.10/turn              (no ring)

@: appendages (expiring), wereblooded, corroded
A: horns 2, talons 2, iridescent scales 1
a: End Transformation


You were on level 3 of the Dungeon.
You had grown temporary horns.
You had grown temporary talons.
You visited 1 branch of the dungeon, and saw 3 of its levels.

You collected 84 gold pieces.

Inventory:

Armour
 a - a +0 robe (worn)
 s - a +0 pair of gloves (worn)
Jewellery
 c - an uncursed amulet of guardian spirit {unknown}
 f - an uncursed amulet of reflection {unknown}
Wands
 n - a wand of clouds (7)
Scrolls
 d - a scroll of fear {unknown}
 g - 2 scrolls of magic mapping {unknown}
 i - a scroll of remove curse {unknown}
 k - a scroll of fog {unknown}
 m - a scroll of identify {unknown}
 o - a scroll of noise {unknown}
 p - a scroll of teleportation {unknown}
 q - a scroll of blinking {unknown}
 t - a scroll of enchant weapon {unknown}
Potions
 b - a potion of might {unknown}
 e - a potion of lignification
 h - 2 potions of haste {unknown}
 j - 3 potions of heal wounds {unknown}
 l - a potion of degeneration {unknown}
 r - a potion of mutation {unknown}


   Skills:
 + Level 2.0 Fighting
 - Level 1.7 Dodging
 * Level 3.6 Unarmed Combat
 - Level 2.0 Spellcasting
 + Level 2.4 Transmutations


You had 3 spell levels left.
You knew the following spells:

 Your Spells              Type           Power        Failure   Level
a - Beastly Appendage     Tmut           #.....       9%          1
b - Wereblood             Tmut           #.......     12%         2

Your spell library contained the following spells:

 Spells                   Type           Power        Failure   Level
 Spider Form              Tmut/Pois      #.........   38%         3
 Ice Form                 Ice/Tmut       #.......     80%         4
 Blade Hands              Tmut           #.........   92%         5


Dungeon Overview and Level Annotations

Branches:
Dungeon (3/15)

Altars:
Ashenzari


Innate Abilities, Weirdness & Mutations

You are partially covered in iridescent scales. (AC +2)
You have a pair of horns on your head.
You have razor-sharp toenails.


Message History

Casting: Beastly Appendage (safe; 9% risk of failure)
Confirm with . or Enter, or press ? or * to list all spells.
Your blood is infused with primal strength.
The jelly quivers.
Your hands burn!
You headbutt the jelly.
The jelly is heavily wounded.
The jelly is heavily wounded.
Your hands burn!
The jelly is severely wounded.
The jelly hits you. The acid corrodes you!
You are splashed with acid!
You are too injured to fight recklessly!
You are too injured to fight recklessly!
You are too injured to fight recklessly!
Your hands burn!
* * * LOW HITPOINT WARNING * * *
The jelly is almost dead.
The jelly hits you.
* * * LOW HITPOINT WARNING * * *
You are splashed with acid!
You die...

...# #..# ....
# #..#.#
##..#.###.
#.........
#..J...... #.@#
######..###
..........###
#######.....#
........<..#
######........#
#.....#.##
#."...# #
###.###


You could see a jelly.

Vanquished Creatures
  An adder (D:2)
  An ooze (D:1)
  3 worms (D:2)
  4 leopard geckos
  6 bats
  4 giant cockroaches
  3 goblins (D:2)
  4 hobgoblins
  3 jackals (D:2)
  2 kobolds
  4 frilled lizards
  4 rats
39 creatures vanquished.

Notes
Turn   | Place    | Note
-------+----------+-------------------------------------------
     0 | D:1      | Infinimo the Demonspawn Transmuter began the quest for the
                  | Orb.
     0 | D:1      | Reached XP level 1. HP: 15/15 MP: 3/3
   692 | D:1      | Reached skill level 3 in Unarmed Combat
   692 | D:1      | Gained mutation: You are partially covered in iridescent
                  | scales. (AC +2) [demonic ancestry]
   692 | D:1      | Reached XP level 2. HP: 7/21 MP: 3/5
  1704 | D:2      | Found a shattered altar of Ashenzari.
  1764 | D:2      | Reached XP level 3. HP: 9/26 MP: 4/6
  3160 | D:2      | Learned a level 2 spell: Wereblood
  3328 | D:3      | Splashed by a jelly's acid

Illustrated notes

Levels and vault maps discovered:
D:1:      saegor_arrival_simple_d, layout_loops_cross
D:2:      layout_loops_ring, lemuel_crystal_altar
D:3:      layout_loops_ring, gammafunk_temple_overflow_forgotten,
          evilmike_ruin_ashenzari

Skill      XL: |  1  2  3 |
---------------+----------+-----
Unarmed Combat | 3 |  3.6
Transmutations | 2 |  2.4
Fighting       | 2 |  2.0
Dodging        | |  1.7
Spellcasting   | |  2.0

Action                   || total
-------------------------++-------
Melee: Unarmed           ||   149
       Kick              ||    26
       Headbutt          ||    12
       Punch             ||     1
 Cast: Beastly Appendage ||    28
       Wereblood         ||     2
  Use: Potion            ||     1
 Stab: Distracted        ||     1
       Sleeping          ||     1
Armor: Robe              ||    45
       Skin              ||     2
Dodge: Dodged            ||    95

Table legend: (Time is in decaauts)
 A = Elapsed time spent in this place.
 B = Non-inter-level travel time spent in this place.
 C = Inter-level travel time spent in this place.
 D = Time resting spent in this place.
 E = Time spent auto-exploring this place.
 F = Levels seen in this place.
 G = Mean time per level.
                   A        B        C        D        E       F      G
               +--------+--------+--------+--------+--------+-----+--------+
         Total |   3319 |   3253 |     66 |    403 |   2399 |   3 | 1106.3 |
       Dungeon |   3319 |   3253 |     66 |    403 |   2399 |   3 | 1106.3 |
               +--------+--------+--------+--------+--------+-----+--------+

Top non-repeatable levels by time:
     D:2: 1676 daAuts
     D:1: 1632 daAuts
     D:3: 10 daAuts
